 Dungeon Crawl Stone Soup version 0.26-a0-652-gafc20e3620 (webtiles) character file.

Game seed: 5387111367568404887

19959 jasper the Cleaver (level 12, -4/99 HPs)
             Began as a Gnoll Berserker on Oct 1, 2020.
             Was a High Priest of Trog.
             Slain by a komodo dragon (23 damage)
             ... on level 1 of the Lair of Beasts.
             The game lasted 00:18:57 (10244 turns).

jasper the Cleaver (Gnoll Berserker)               Turns: 10244, Time: 00:18:58

Health: -4/99      AC: 12    Str: 22    XL:     12   Next: 74%
Magic:  23/23      EV: 16    Int: 16    God:    Trog [*****.]
Gold:   571        SH: 11    Dex: 15    Spells: 26/26 levels left

rFire    . . .     SeeInvis +   a - +5 hand axe
rCold    . . .     Faith    .   H - +0 buckler
rNeg     . . .     Spirit   .   t - +2 scale mail {rPois}
rPois    +         Reflect  +   (helmet restricted)
rElec    .         Harm     .   (no cloak)
rCorr    .         Rampage  .   g - +0 pair of gloves
MR       .....                  (no boots)
Stlth    ++........             K - amulet of reflection
HPRegen  0.66/turn              F - +6 ring of intelligence
MPRegen  0.18/turn              v - ring of see invisible

@: no status effects
A: distributed training, antennae 1, fangs 1, rugged brown scales 1,
regeneration 1, weak 1, strong nose
a: Berserk, Trog's Hand, Brothers in Arms, Renounce Religion


You were on level 1 of the Lair of Beasts.
You worshipped Trog.
Trog was extremely pleased with you.
You visited 2 branches of the dungeon, and saw 12 of its levels.

You collected 811 gold pieces.
You spent 240 gold pieces at shops.

Inventory:

Hand Weapons
 a - a +5 hand axe (weapon)
 b - a +1 hunting sling of flaming
 w - a +3 falchion of flaming
 G - a cursed +1 battleaxe
 Q - a +2 vorpal mace
Missiles
 c - 92 bolts
 e - 8 boomerangs of dispersal (quivered)
 s - 363 stones
 J - 7 boomerangs
 V - 75 sling bullets
Armour
 g - a +0 pair of gloves (worn)
 t - a +2 scale mail of poison resistance (worn)
 H - a +0 buckler (worn)
 U - a +0 animal skin
Jewellery
 v - a ring of see invisible (right hand)
 D - an uncursed ring of magical power
 F - a +6 ring of intelligence (left hand)
 K - an amulet of reflection (around neck)
 M - an uncursed amulet of guardian spirit {unknown}
Wands
 d - a wand of digging (7)
 l - a wand of polymorph (12)
 r - a wand of paralysis (4)
 u - a wand of random effects (15)
 A - a wand of flame (13)
 L - a wand of iceblast (19)
 X - a wand of acid (10)
Scrolls
 f - 11 scrolls of remove curse
 h - 4 scrolls of fog
 j - 2 scrolls of noise
 m - 3 scrolls of enchant weapon
 p - a scroll of fear
 q - 3 scrolls of teleportation
 y - a scroll of blinking
 E - 2 scrolls of immolation
 I - a scroll of torment
 O - 2 scrolls of magic mapping
 R - 2 scrolls of random uselessness
 S - a scroll of vulnerability {unknown}
 Y - 5 scrolls of enchant armour {unknown}
Potions
 i - a potion of curing
 k - a potion of degeneration
 n - 3 potions of brilliance
 o - 2 potions of haste
 x - a potion of heal wounds
 z - 4 potions of flight
 B - a potion of invisibility
 C - a potion of lignification
 N - 3 potions of mutation
 T - a potion of stabbing
 W - a potion of cancellation {unknown}
Miscellaneous
 Z - a condenser vane (inert)


   Skills:
 + Level 10.0 Fighting
 + Level 7.6 Short Blades
 + Level 7.6 Long Blades
 + Level 10.0 Axes
 + Level 7.6 Maces & Flails
 + Level 7.6 Polearms
 + Level 7.6 Staves
 + Level 7.6 Slings
 + Level 7.6 Bows
 + Level 7.6 Crossbows
 + Level 7.6 Throwing
 + Level 8.9 Armour
 + Level 8.9 Dodging
 + Level 7.6 Stealth
 + Level 7.6 Shields
 + Level 7.6 Unarmed Combat
 + Level 7.6 Spellcasting
 + Level 6.3 Conjurations
 + Level 6.3 Hexes
 + Level 6.3 Summonings
 + Level 6.3 Necromancy
 + Level 6.3 Translocations
 + Level 6.3 Transmutations
 + Level 6.3 Fire Magic
 + Level 6.3 Ice Magic
 + Level 6.3 Air Magic
 + Level 6.3 Earth Magic
 + Level 6.3 Poison Magic
 + Level 8.3 Invocations
 + Level 7.6 Evocations


You had 26 spell levels left.
You didn't know any spells.
Your spell library was empty.

Dungeon Overview and Level Annotations

Branches:
Dungeon (11/15)            Temple (0/1) D:7            Lair (1/6) D:9
    Orc (0/2) D:9

Altars:
Elyvilon
Gozag
Hepliaklqana
Okawaru
Sif Muna
Vehumet
Wu Jian
Yredelemnul
Zin
The Shining One

Shops:
D:8 }

Annotations:
D:3 3 runed translucent doors, Barbarella's ghost, amateur HuWz
D:6 3 runed translucent doors, Barbarella's ghost, novice HuFi


Innate Abilities, Weirdness & Mutations

Your experience applies equally to all skills.
You have very sharp teeth.
Your uncanny sense of smell can sniff out nearby items.
You have a pair of small antennae on your head.
You are partially covered in rugged brown scales. (AC +1, +3% HP)
Your natural rate of healing is unusually fast.
You are weak. (Str -2)


Message History

The komodo dragon closely misses you.
You closely miss the komodo dragon.
The komodo dragon is lightly wounded.
You block the komodo dragon's attack.
You barely miss the komodo dragon.
The komodo dragon is lightly wounded.
You hit the komodo dragon. Your bite misses the komodo dragon.
The komodo dragon is lightly wounded.
The komodo dragon bites you!!
You are too injured to fight recklessly!
You are too injured to fight recklessly!
You are too injured to fight recklessly!
You slash the komodo dragon!
The komodo dragon is moderately wounded.
The komodo dragon bites you!!
* * * LOW HITPOINT WARNING * * *
You closely miss the komodo dragon.
The komodo dragon is moderately wounded.
The komodo dragon bites you!!
You die...

#.##P....# ∆ .........#
.... ....# #..# ##...
##.## ..######....# #...#
#..#.##.....# .. ....##
#...##..#.(.##...
.....###.....##...(.#...
......##....# #..l.....#
.......#...####.@......#
..#..........#........##
##..#....##..†..†......#
##.###..####†.......##.##
###. #..P###††#.........#
.. #...##..###.###.>...
.##.#..##..##........# P
#....#....#####.##..#.#
.##..###†+..# #.#.....#


You could see a komodo dragon.

Vanquished Creatures
  2 hydras
  Harold (D:7)
  2 two-headed ogres
  Nergalle (D:10)
  An ugly thing (D:11)
  A manticore (D:11)
  Joseph (D:8)
  A black mamba (Lair:1)
  A cane toad (Lair:1)
  2 komodo dragons (Lair:1)
  A rime drake (Lair:1)
  A meliai (D:11)
  Grinder (D:4)
  A hornet (D:7)
  A troll (D:11)
  6 blink frogs (Lair:1)
  A hippogriff (D:11)
  A wyvern (D:11)
  Grum (D:11)
  2 humans (D:10)
  8 yaks (D:10)
  4 water moccasins
  2 acid dragons (D:11)
  7 porcupines
  5 black bears
  7 orc warriors
  3 ice beasts
  2 sky beasts
  A necrophage (D:7)
  2 phantoms
  4 ogres
  An eye of draining (D:9)
  8 centaurs
  12 wolves
  2 crocodiles
  11 bullfrogs
  A wyvern zombie (D:8)
  7 scorpions
  4 killer bees (D:10)
  16 wights
  A bullfrog zombie (D:11)
  4 howler monkeys
  7 hounds
  2 quasits
  2 jellies
  6 orc priests
  A centaur skeleton (D:10)
  A bullfrog skeleton (D:9)
  17 orc wizards
  Jessica (D:3)
  12 worker ants
  6 iguanas
  Terence (D:3)
  Robin (D:3)
  A hound skeleton (D:7)
  7 gnolls
  18 adders
  3 shadow imps
  A white imp (D:5)
  An ufetubus (D:8)
  An adder skeleton (D:4)
  2 adder zombies
  5 worms
  A dart slug (D:1)
  3 leopard geckos
  64 orcs
  2 ball pythons
  8 bats
  A giant cockroach (D:1)
  14 goblins
  19 hobgoblins
  16 jackals
  10 kobolds
  6 quokkas
  6 frilled lizards
  A jackal zombie (D:5)
  A quokka skeleton (D:5)
  2 quokka zombies
  11 rats
402 creatures vanquished.

Vanquished Creatures (collateral kills)
  A troll (D:11)
  A water moccasin (D:11)
  An ice beast (D:11)
  A wolf (D:11)
  A hound skeleton (D:11)
5 creatures vanquished.

Vanquished Creatures (others)
  39 fungi
  42 plants
81 creatures vanquished.

Grand Total: 488 creatures vanquished

Notes
Turn   | Place    | Note
-------+----------+-------------------------------------------
     0 | D:1      | jasper the Gnoll Berserker began the quest for the Orb.
     0 | D:1      | Reached XP level 1. HP: 23/23 MP: 1/1
   351 | D:1      | Reached XP level 2. HP: 29/29 MP: 2/2
   549 | D:1      | Reached ** piety under Trog
   802 | D:1      | Reached XP level 3. HP: 35/35 MP: 3/3
  1032 | D:2      | Reached skill level 1 in Invocations
  1290 | D:2      | Reached skill level 1 in Short Blades
  1290 | D:2      | Reached skill level 1 in Long Blades
  1290 | D:2      | Reached skill level 1 in Maces & Flails
  1290 | D:2      | Reached skill level 1 in Polearms
  1290 | D:2      | Reached skill level 1 in Staves
  1290 | D:2      | Reached skill level 1 in Slings
  1290 | D:2      | Reached skill level 1 in Bows
  1290 | D:2      | Reached skill level 1 in Crossbows
  1290 | D:2      | Reached skill level 1 in Throwing
  1290 | D:2      | Reached skill level 1 in Stealth
  1290 | D:2      | Reached skill level 1 in Shields
  1290 | D:2      | Reached skill level 1 in Unarmed Combat
  1290 | D:2      | Reached skill level 1 in Spellcasting
  1290 | D:2      | Reached skill level 1 in Evocations
  1406 | D:2      | Reached XP level 4. HP: 39/41 MP: 5/5
  1597 | D:2      | Found a glowing golden altar of the Shining One.
  1657 | D:2      | Reached skill level 1 in Conjurations
  1657 | D:2      | Reached skill level 1 in Hexes
  1657 | D:2      | Reached skill level 1 in Summonings
  1657 | D:2      | Reached skill level 1 in Necromancy
  1657 | D:2      | Reached skill level 1 in Translocations
  1657 | D:2      | Reached skill level 1 in Transmutations
  1657 | D:2      | Reached skill level 1 in Fire Magic
  1657 | D:2      | Reached skill level 1 in Ice Magic
  1657 | D:2      | Reached skill level 1 in Air Magic
  1657 | D:2      | Reached skill level 1 in Earth Magic
  1657 | D:2      | Reached skill level 1 in Poison Magic
  1897 | D:3      | Reached *** piety under Trog
  1929 | D:3      | Noticed Terence
  1942 | D:3      | Killed Terence
  1942 | D:3      | Reached XP level 5. HP: 47/47 MP: 5/7
  2009 | D:3      | Noticed Barbarella's ghost (amateur HuWz)
  2040 | D:3      | Found a runed translucent gate.
  2040 | D:3      | Found a runed translucent gate.
  2044 | D:3      | Found a runed translucent gate.
  2311 | D:3      | Noticed Robin
  2327 | D:3      | Killed Robin
  2360 | D:3      | Reached XP level 6. HP: 51/53 MP: 8/8
  2609 | D:3      | Noticed Jessica
  2620 | D:3      | Killed Jessica
  2620 | D:3      | Reached skill level 5 in Armour
  2620 | D:3      | Reached skill level 5 in Dodging
  2863 | D:4      | Reached XP level 7. HP: 22/59 MP: 10/10
  3023 | D:4      | Reached **** piety under Trog
  3075 | D:4      | Found a basalt altar of Yredelemnul.
  3137 | D:4      | Noticed Grinder
  3140 | D:4      | Paralysed by Grinder for 7 turns
  3155 | D:4      | Gained mutation: You are partially covered in rugged brown
                  | scales. (AC +1, +3% HP) [potion of mutation]
  3155 | D:4      | Gained mutation: Your natural rate of healing is unusually
                  | fast. [potion of mutation]
  3155 | D:4      | Gained mutation: You are weak. (Str -2) [potion of
                  | mutation]
  3155 | D:4      | Gained mutation: You have a pair of small antennae on your
                  | head. [potion of mutation]
  3161 | D:4      | Paralysed by Grinder for 3 turns
  3171 | D:4      | Paralysed by Grinder for 6 turns
  3184 | D:4      | Killed Grinder
  3290 | D:4      | Reached XP level 8. HP: 60/69 MP: 12/12
  3393 | D:4      | Found a radiant altar of Vehumet.
  3393 | D:4      | Found an opulent altar of Gozag.
  3396 | D:4      | Found a hazy altar of Hepliaklqana.
  3396 | D:4      | Found an ornate altar of the Wu Jian Council.
  3653 | D:5      | Entered Level 5 of the Dungeon
  4306 | D:6      | Found a runed translucent gate.
  4306 | D:6      | Found a runed translucent gate.
  4306 | D:6      | Found a runed translucent gate.
  4306 | D:6      | Noticed Barbarella's ghost (novice HuFi)
  5100 | D:7      | Reached XP level 9. HP: 74/74 MP: 14/14
  5155 | D:7      | Noticed a hornet
  5166 | D:7      | Killed a hornet
  5222 | D:7      | Found a staircase to the Ecumenical Temple.
  5472 | D:7      | Noticed Harold
  5485 | D:7      | Killed Harold
  5485 | D:7      | Reached ***** piety under Trog
  5485 | D:7      | Reached skill level 5 in Invocations
  5728 | D:8      | Reached XP level 10. HP: 82/82 MP: 17/17
  5824 | D:8      | Noticed a two-headed ogre
  5832 | D:8      | Killed a two-headed ogre
  5832 | D:8      | Reached skill level 5 in Short Blades
  5832 | D:8      | Reached skill level 5 in Long Blades
  5832 | D:8      | Reached skill level 5 in Maces & Flails
  5832 | D:8      | Reached skill level 5 in Polearms
  5832 | D:8      | Reached skill level 5 in Staves
  5832 | D:8      | Reached skill level 5 in Slings
  5832 | D:8      | Reached skill level 5 in Bows
  5832 | D:8      | Reached skill level 5 in Crossbows
  5832 | D:8      | Reached skill level 5 in Throwing
  5832 | D:8      | Reached skill level 5 in Stealth
  5832 | D:8      | Reached skill level 5 in Shields
  5832 | D:8      | Reached skill level 5 in Unarmed Combat
  5832 | D:8      | Reached skill level 5 in Spellcasting
  5832 | D:8      | Reached skill level 5 in Evocations
  5892 | D:8      | Noticed Joseph
  6011 | D:8      | Killed Joseph
  6096 | D:8      | Found Utizxusk's Gadget Shoppe.
  6129 | D:8      | Bought a condenser vane (2/2) for 240 gold pieces
  6922 | D:9      | Noticed a two-headed ogre
  6933 | D:9      | Killed a two-headed ogre
  6937 | D:9      | Received a gift from Trog
  6940 | D:9      | Reached XP level 11. HP: 89/89 MP: 19/19
  6981 | D:9      | Found a staircase to the Lair.
  7163 | D:9      | Reached skill level 5 in Conjurations
  7163 | D:9      | Reached skill level 5 in Hexes
  7163 | D:9      | Reached skill level 5 in Summonings
  7163 | D:9      | Reached skill level 5 in Necromancy
  7163 | D:9      | Reached skill level 5 in Translocations
  7163 | D:9      | Reached skill level 5 in Transmutations
  7163 | D:9      | Reached skill level 5 in Fire Magic
  7163 | D:9      | Reached skill level 5 in Ice Magic
  7163 | D:9      | Reached skill level 5 in Air Magic
  7163 | D:9      | Reached skill level 5 in Earth Magic
  7163 | D:9      | Reached skill level 5 in Poison Magic
  7199 | D:9      | Found a staircase to the Orcish Mines.
  7266 | D:9      | Found a glowing silver altar of Zin.
  7402 | D:9      | Found a white marble altar of Elyvilon.
  7409 | D:9      | Found a shimmering blue altar of Sif Muna.
  7878 | D:10     | Entered Level 10 of the Dungeon
  7885 | D:10     | Noticed Nergalle
  7910 | D:10     | Killed Nergalle
  8073 | D:10     | Received a gift from Trog
  8429 | D:10     | Found an iron altar of Okawaru.
  8719 | D:11     | Noticed a red ugly thing
  8732 | D:11     | Killed a red ugly thing
  8732 | D:11     | Noticed a manticore
  8743 | D:11     | Killed a manticore
  8794 | D:11     | Reached XP level 12. HP: 98/98 MP: 22/22
  8797 | D:11     | Noticed a seven-headed hydra
  8939 | D:11     | Noticed Grum
  8962 | D:11     | Killed Grum
  8981 | D:11     | HP: 4/98 [something/puff of flame (6)]
  9246 | D:11     | Killed a two-headed hydra
  9743 | Lair:1   | Entered Level 1 of the Lair of Beasts
 10198 | Lair:1   | Noticed a four-headed hydra
 10216 | Lair:1   | Reached skill level 10 in Fighting
 10216 | Lair:1   | Reached skill level 10 in Axes
 10219 | Lair:1   | Killed a one-headed hydra
 10244 | Lair:1   | Slain by a komodo dragon

Illustrated notes

Levels and vault maps discovered:
D:1:      saegor_arrival_simple_b, layout_loops_ring
D:2:      layout_basic, tso_oasis_becter, minmay_pentomino_t4
D:3:      layout_basic, gammafunk_ghost_split, uniq_terence, uniq_jessica,
          uniq_robin
D:4:      layout_basic, grunt_temple_overflow_open, hangedman_decor_peaks_small,
          uniq_grinder
D:5:      layout_rooms
D:6:      minmay_chambers_of_fours, layout_basic, ebering_ghost_rock_garden
D:7:      layout_basic, minmay_temple_entry_junction, minmay_stone_trees_small,
          minmay_misc_feat_nine_boxes, hangedman_abyss_or_decor_stabs,
          uniq_harold
D:8:      layout_loops_ring, serial_shops, shop, st_stairs_9,
          kennysheep_small_square, uniq_joseph
D:9:      layout_loops_ring, minitemple, kennysheep_little_box,
          due_lair_maze_entry_diamond, hiddenorc2_lemuel
D:10:     layout_cave_pools, okawaru_humans, uniq_nergalle
D:11:     layout_cave_pods, uniq_grum
Lair:1:   layout_layer_cave, fungi_pond_lemuel, chequers_serial_rivers_small_a,
          grunt_megastairs_4

Skill      XL: |  1  2  3  4  5  6  7  8  9 10 11 12 |
---------------+-------------------------------------+-----
Invocations    | 1 2 3 4 5 6 7 8 |  8.3
Short Blades   | 1 2 3 4 5 6 7 |  7.6
Long Blades    | 1 2 3 4 5 6 7 |  7.6
Maces & Flails | 1 2 3 4 5 6 7 |  7.6
Polearms       | 1 2 3 4 5 6 7 |  7.6
Staves         | 1 2 3 4 5 6 7 |  7.6
Slings         | 1 2 3 4 5 6 7 |  7.6
Bows           | 1 2 3 4 5 6 7 |  7.6
Crossbows      | 1 2 3 4 5 6 7 |  7.6
Throwing       | 1 2 3 4 5 6 7 |  7.6
Stealth        | 1 2 3 4 5 6 7 |  7.6
Shields        | 1 2 3 4 5 6 7 |  7.6
Unarmed Combat | 1 2 3 4 5 6 7 |  7.6
Spellcasting   | 1 2 3 4 5 6 7 |  7.6
Evocations     | 1 2 3 4 5 6 7 |  7.6
Conjurations   | 1 2 3 4 5 6 |  6.3
Hexes          | 1 2 3 4 5 6 |  6.3
Summonings     | 1 2 3 4 5 6 |  6.3
Necromancy     | 1 2 3 4 5 6 |  6.3
Translocations | 1 2 3 4 5 6 |  6.3
Transmutations | 1 2 3 4 5 6 |  6.3
Fire Magic     | 1 2 3 4 5 6 |  6.3
Ice Magic      | 1 2 3 4 5 6 |  6.3
Air Magic      | 1 2 3 4 5 6 |  6.3
Earth Magic    | 1 2 3 4 5 6 |  6.3
Poison Magic   | 1 2 3 4 5 6 |  6.3
Armour         | 5 6 7 8 |  8.9
Dodging        | 5 6 7 8 |  8.9
Fighting       | 7 8 9 10 | 10.0
Axes           | 7 8 9 10 | 10.0

Action                   |  1- 3 |  4- 6 |  7- 9 | 10-12 || total
-------------------------+-------+-------+-------+-------++-------
Melee: Hand axe          |   106 |   176 |   261 |   643 ||  1186
       Bite              |    10 |    15 |    52 |    82 ||   159
       Punch             |       |     2 |     6 |       ||     8
       War axe           |       |       |   112 |       ||   112
       Unarmed           |       |       |       |    28 ||    28
       Falchion          |       |       |       |    19 ||    19
 Fire: Hunting sling     |       |     3 |     4 |    81 ||    88
Throw: Throwing net      |       |       |       |     4 ||     4
Invok: Berserk           |       |     3 |    10 |    17 ||    30
       Trog's Hand       |       |     1 |     3 |     3 ||     7
       Brothers in Arms  |       |       |       |     2 ||     2
Evoke: Wand              |       |       |       |     1 ||     1
       Condenser vane    |       |       |       |     2 ||     2
  Use: Potion            |       |       |     2 |     1 ||     3
       Scroll            |       |       |     7 |    15 ||    22
 Stab: Sleeping          |     1 |       |       |     3 ||     4
       Held in net/web   |       |       |       |     1 ||     1
       Distracted        |       |       |       |     1 ||     1
Armor: Animal skin       |     7 |       |       |       ||     7
       Leather armour    |    14 |    14 |       |       ||    28
       Ring mail         |       |     3 |       |       ||     3
       Scale mail        |       |    49 |   133 |   135 ||   317
Dodge: Dodged            |    74 |   116 |   204 |   359 ||   753
Block: Buckler           |       |       |    55 |   333 ||   388
       Reflection        |       |       |       |    11 ||    11
       Other             |       |       |       |    11 ||    11
       Rpst.: Falchion   |       |       |       |     3 ||     3

Table legend: (Time is in decaauts)
 A = Elapsed time spent in this place.
 B = Non-inter-level travel time spent in this place.
 C = Inter-level travel time spent in this place.
 D = Time resting spent in this place.
 E = Time spent auto-exploring this place.
 F = Levels seen in this place.
 G = Mean time per level.
                   A        B        C        D        E       F      G
               +--------+--------+--------+--------+--------+-----+--------+
         Total |  10330 |  10006 |    324 |    749 |   6803 |  12 |  860.8 |
       Dungeon |   9845 |   9521 |    324 |    699 |   6557 |  11 |  895.0 |
          Lair |    485 |    485 |      0 |     50 |    246 |   1 |  485.0 |
               +--------+--------+--------+--------+--------+-----+--------+

Top non-repeatable levels by time:
    D:11: 1124 daAuts
     D:8: 1101 daAuts
     D:9: 1086 daAuts
     D:3: 997 daAuts
     D:2: 934 daAuts
     D:1: 918 daAuts
     D:6: 857 daAuts
     D:4: 851 daAuts
    D:10: 724 daAuts
     D:7: 656 daAuts
     D:5: 592 daAuts
  Lair:1: 485 daAuts
